 Dungeon Crawl Stone Soup version 0.30-a0-779-g7971cf19c3 (webtiles) character file.

Game seed: 567270955075538258

0 Goldberg the Shield-Bearer (level 1, -2/18 HPs)
             Began as a Human Fighter on Feb 17, 2023.
             Slain by a ball python (3 damage)
             ... on level 1 of the Dungeon.
             The game lasted 00:00:59 (57 turns).

Goldberg the Shield-Bearer (Human Fighter)            Turns: 57, Time: 00:00:59

Health: -2/18      AC:  6    Str: 16    XL:     1   Next: 0%
Magic:  1/1        EV:  5    Int:  8    God:
Gold:   0          SH:  4    Dex: 12    Spells: 0/0 levels left

rFire   . . .      SeeInvis .    a - +0 flail
rCold   . . .      Faith    .    c - +0 buckler
rNeg    + . .      Spirit   .    b - +0 scale mail
rPois   .          Reflect  .    (no helmet)
rElec   .          Harm     .    (no cloak)
rCorr   .          Rampage  .    (no gloves)
Will    .....                    (no boots) Stlth
                                 (no amulet)
HPRegen 0.23/turn                e - ring of positive energy
MPRegen 0.07/turn                (no ring)

@: mighty, constricted
A: no striking features
a: no special abilities


You were on level 1 of the Dungeon.
You visited 1 branch of the dungeon, and saw 1 of its levels.

Inventory:

Hand Weapons
 a - a +0 flail (weapon)
Armour
 b - a +0 scale mail (worn)
 c - a +0 buckler (worn)
Jewellery
 e - a ring of positive energy (left hand)


   Skills:
 + Level 3.0 Fighting
 + Level 2.0 Maces & Flails
 + Level 3.0 Armour
 + Level 3.0 Shields


You couldn't memorise any spells.
You didn't know any spells.
Your spell library contained the following spells:

 Spells                   Type           Power      Damage    Failure   Level
 Call Canine Familiar     Summ           0%         N/A       99%         3
 Portal Projectile        Hex/Tloc       0%         N/A       99%         3
 Leda's Liquefaction      Hex/Erth       0%         N/A       100%        4


Dungeon Overview and Level Annotations

Branches:
Dungeon (1/15)

Altars:


Message History

The hobgoblin is heavily wounded.
The kobold hits you but does no damage. The hobgoblin closely misses you.
You closely miss the kobold. The kobold barely misses you.
The kobold hits you with a +0 short sword of protection.
You block the hobgoblin's attack.
The endoplasm hits you but does no damage.
The kobold hits you with a +0 whip.
The hobgoblin hits you but does no damage.
The kobold closely misses you.
You closely miss the hobgoblin.
The hobgoblin is heavily wounded.
You block the kobold's attack.
The hobgoblin hits you but does no damage.
The endoplasm freezes you.
You are frozen.
The kobold hits you but does no damage.
You feel very mighty all of a sudden. The kobold hits you but does no damage.
You block the hobgoblin's attack. The endoplasm freezes you.
You are frozen.
* * * LOW HITPOINT WARNING * * *
The kobold closely misses you. You block the ball python's attack.
The ball python grabs you. The ball python constricts you.
You closely miss the hobgoblin.
The hobgoblin is moderately wounded.
The hobgoblin hits you.
* * * LOW HITPOINT WARNING * * *
The kobold hits you with a +0 whip.
* * * LOW HITPOINT WARNING * * *
The endoplasm hits you but does no damage.
The kobold hits you but does no damage.
The ball python bites you but does no damage.
The ball python constricts you.
You sock the hobgoblin!
You kill the hobgoblin!
The ball python bites you but does no damage.
The ball python constricts you. You block the kobold's attack.
The kobold hits you but does no damage.
The endoplasm hits you but does no damage.
The ball python bites you.
You die...

####.......
#..........
#..........
#..........
###..........
#.^....>.....
#........##.#
#####...S.K......
#........@J.)....
#........K.......
#.........#######
#..........#
#...........#
######
#.......###.#
≈≈<..###.#######
... ≈≈...##..#
#### ≈≈...##.##


You could see an endoplasm, a ball python and 2 kobolds.

Vanquished Creatures
  A hobgoblin (D:1)
1 creature vanquished.

Notes
Turn   | Place    | Note
-------+----------+-------------------------------------------
     0 | D:1      | Goldberg the Human Fighter began the quest for the Orb.
     0 | D:1      | Reached XP level 1. HP: 18/18 MP: 1/1
    57 | D:1      | Slain by a ball python

Illustrated notes

Levels and vault maps discovered:
D:1:      amcnicky_arrival_flooded_fountain, layout_rooms, nrook_loot_triangle

Action                     || total
---------------------------++-------
  Melee: Flail             ||     8
    Use: Potion            ||     1
 Armour: Scale mail        ||    18
  Dodge: Dodged            ||     4
  Block: Buckler           ||     5

Table legend: (Time is in decaauts)
 A = Elapsed time spent in this place.
 B = Non-inter-level travel time spent in this place.
 C = Inter-level travel time spent in this place.
 D = Time resting spent in this place.
 E = Time spent auto-exploring this place.
 F = Levels seen in this place.
 G = Mean time per level.
                   A        B        C        D        E       F      G
               +--------+--------+--------+--------+--------+-----+--------+
         Total |     58 |     58 |      0 |      0 |      4 |   1 |   58.0 |
       Dungeon |     58 |     58 |      0 |      0 |      4 |   1 |   58.0 |
               +--------+--------+--------+--------+--------+-----+--------+

Top non-repeatable levels by time:
     D:1: 58 daAuts
